 Dungeon Crawl Stone Soup version 0.27.0-1-g7a089689b8 (webtiles) character file.

Game seed: 2735536453779768358

44 HungrySpirit the Vexing (level 3, -7/28 HPs)
             Began as a Human Arcane Marksman on July 31, 2021.
             Mangled by Sigmund (10 damage)
             ... on level 2 of the Dungeon.
             The game lasted 00:02:05 (1185 turns).

HungrySpirit the Vexing (Human Arcane Marksman)     Turns: 1185, Time: 00:02:05

Health: -7/28      AC:  5    Str: 11    XL:     3   Next: 85%
Magic:  4/4        EV: 10    Int: 13    God:
Gold:   22         SH:  0    Dex: 13    Spells: 3/4 levels left

rFire    . . .     SeeInvis .   e - +0 dagger
rCold    . . .     Faith    .   (no shield)
rNeg     . . .     Spirit   .   g - +0 ring mail
rPois    .         Reflect  .   (no helmet)
rElec    .         Harm     .   (no cloak)
rCorr    .         Rampage  .   (no gloves)
Will     .....                  (no boots)
Stlth    +.........             (no amulet)
HPRegen  0.09/turn              (no ring)
MPRegen  0.09/turn              (no ring)

@: no status effects
A: no striking features
a: no special abilities


You were on level 2 of the Dungeon.
You visited 1 branch of the dungeon, and saw 2 of its levels.

You collected 22 gold pieces.

Inventory:

Hand Weapons
 a - a +0 shortbow
 e - a +0 dagger (weapon)
Missiles
 c - 6 arrows
Armour
 g - a +0 ring mail (worn)
Scrolls
 b - a scroll of fog {unknown}
 f - 4 scrolls of identify {unknown}


   Skills:
 + Level 2.4 Fighting
 * Level 0.0 Short Blades
 - Level 2.0 Bows
 + Level 2.1 Armour
 - Level 2.0 Dodging
 - Level 1.0 Spellcasting
 - Level 3.0 Hexes


You had 3 spell levels left.
You knew the following spells:

 Your Spells              Type           Power      Damage    Failure   Level
a - Corona                Hex            8%         N/A       19%         1

Your spell library contained the following spells:

 Spells                   Type           Power      Damage    Failure   Level
 Slow                     Hex            8%         N/A       28%         2
 Inner Flame              Hex/Fire       4%         N/A       71%         3
 Portal Projectile        Hex/Tloc       8%         N/A       71%         3
 Cause Fear               Hex            4%         N/A       88%         4


Dungeon Overview and Level Annotations

Branches:
Dungeon (2/15)

Altars:

Annotations:
D:2 Sigmund


Message History

Aim: Sigmund, wielding a +0 scythe and wearing a +0 robe (lightly wounded, 55% to hit)
You shoot an arrow. The arrow barely misses Sigmund.
The jackal barely misses you. Sigmund hits you but does no damage.
The jackal bites you but does no damage.
Sigmund hits you from afar with a +0 scythe!
* * * LOW HITPOINT WARNING * * *
Sorry, you're not good enough to have a special ability.
Casting: Corona (safe; 19% risk of failure)
Confirm with . or Enter, or press ? or * to list all spells.
Okay, then.
The jackal bites you.
* * * LOW HITPOINT WARNING * * *
The jackal bites you.
* * * LOW HITPOINT WARNING * * *
Sigmund mumbles some strange words.
Sigmund flickers and vanishes!
Deactivating autopickup; reactivate with Ctrl-A.
The jackal barely misses you. The jackal closely misses you.
You see here an adder corpse.
Something unseen opens the door.
The jackal bites you.
* * * LOW HITPOINT WARNING * * *
The jackal closely misses you. The jackal misses you.
The jackal bites you but does no damage.
The jackal bites you but does no damage.
The jackal barely misses you. The jackal closely misses you. x2
e - a +0 dagger (weapon)
The jackal bites you but does no damage.
You hit the jackal.
The jackal is severely wounded.
The jackal bites you but does no damage. x2
The jackal barely misses you. Something completely misses you.
The jackal barely misses you.
You barely miss the jackal.
The jackal is severely wounded.
You feel a little less clever now.
The jackal closely misses you. x2; Something hits you!
You die...

###### #....#
############..(.######
#>.........'.........####
#.###.######.........'..#
#.# ##+#......##.# #.#
#.#.##+####.#
#.###.#######.#.##.####.#
#......h@h...............
+..###.#######.#<##..###.#
######.# #.#<###.# #.#
#...{.# #.#.# #.###.#
#.###########'#+###.#...#
#......#............#.###
####......#..............#
#
#.........#...........#..#
#
#.........#..............#


You could see 2 jackals.

Vanquished Creatures
  An adder (D:2)
  A worm (D:2)
  A dart slug (D:1)
  5 ball pythons (D:1)
  An endoplasm (D:2)
  2 giant cockroaches (D:1)
  2 goblins (D:1)
  3 hobgoblins
  4 jackals (D:1)
  A quokka (D:1)
  2 bats (D:1)
  2 kobolds (D:1)
  4 rats
29 creatures vanquished.

Notes
Turn   | Place    | Note
-------+----------+-------------------------------------------
     0 | D:1      | HungrySpirit the Human Arcane Marksman began the quest for
                  | the Orb.
     0 | D:1      | Reached XP level 1. HP: 15/15 MP: 2/2
   100 | D:1      | Reached XP level 2. HP: 21/21 MP: 3/3
   103 | D:1      | Reached skill level 1 in Armour
   502 | D:1      | Reached XP level 3. HP: 15/27 MP: 4/4
   695 | D:1      | Found a faded altar of an unknown god.
  1139 | D:2      | Noticed Sigmund
  1167 | D:2      | HP: 1/28 [jackal (3)]
  1185 | D:2      | Mangled by Sigmund

Illustrated notes

Levels and vault maps discovered:
D:1:      amcnicky_arrival_double_pillar, layout_rooms,
          chequers_ecumenical_altar_simple, chequers_serial_rivers_large_a,
          grunt_decor_cap
D:2:      layout_basic, minmay_tromino_mix6, uniq_sigmund

Skill      XL: |  1  2  3 |
---------------+----------+-----
Armour         | 1 2 |  2.1
Fighting       | 2 |  2.4
Bows           | |  2.0
Dodging        | |  2.0
Spellcasting   | |  1.0
Hexes          | |  3.0

Action                   || total
-------------------------++-------
Melee: Dagger            ||    42
 Fire: Shortbow          ||    70
  Use: Potion            ||     1
Armor: Ring mail         ||    35
Dodge: Dodged            ||    46
